 Dungeon Crawl Stone Soup version 0.26-a0-652-gafc20e3620 (webtiles) character file.

Game seed: 17768097758182721010

1 DoubleLucky the Caller (level 1, 0/13 HPs)
             Began as a Merfolk Summoner on Oct 3, 2020.
             Slain by a leopard gecko (2 damage)
             ... on level 1 of the Dungeon.
             The game lasted 00:01:03 (77 turns).

DoubleLucky the Caller (Merfolk Summoner)             Turns: 77, Time: 00:01:04

Health: 0/13       AC:  2    Str:  8    XL:     1   Next: 20%
Magic:  1/3        EV: 13    Int: 14    God:
Gold:   0          SH:  0    Dex: 14    Spells: 3/4 levels left

rFire    . . .     SeeInvis .   (no weapon)
rCold    . . .     Faith    .   (no shield)
rNeg     . . .     Spirit   .   a - +0 robe
rPois    .         Reflect  .   (no helmet)
rElec    .         Harm     .   (no cloak)
rCorr    .         Rampage  .   (no gloves)
MR       .....                  (no boots)
Stlth    ++........             (no amulet)
HPRegen  0.04/turn              (no ring)
MPRegen  0.08/turn              (no ring)

@: no status effects
A: change form in water, swift swim, stealthy swim
a: no special abilities


You were on level 1 of the Dungeon.
You visited 1 branch of the dungeon, and saw 1 of its levels.

Inventory:

Armour
 a - a +0 robe (worn)
Scrolls
 b - a scroll of identify {unknown}


   Skills:
 + Level 0.0 Fighting
 + Level 0.0 Armour
 + Level 2.7 Dodging
 - Level 2.1 Stealth
 + Level 2.0 Spellcasting
 + Level 4.0 Summonings


You had 3 spell levels left.
You knew the following spells:

 Your Spells              Type           Power        Failure   Level
a - Summon Small Mammal   Summ           ##..         4%          1

Your spell library contained the following spells:

 Spells                   Type           Power        Failure   Level
 Call Imp                 Summ           ##......     7%          2
 Call Canine Familiar     Summ           ##......     14%         3
 Summon Guardian Golem    Hex/Summ       #.......     30%         3
 Summon Ice Beast         Ice/Summ       #.......     71%         4
 Summon Lightning Spire   Summ/Air       #.......     71%         4


Dungeon Overview and Level Annotations

Branches:
Dungeon (1/15)

Altars:


Message History

Confirm with . or Enter, or press ? or * to list all spells.
You don't have enough magic to cast that spell.
You swap places.
Your bat hits the frilled lizard. The frilled lizard bites you.
The gnoll hits you from afar with a +0 spear.
* * * LOW HITPOINT WARNING * * *
You see here a +0 short sword.
Your bat closely misses the frilled lizard.
Your bat hits the frilled lizard. The frilled lizard misses your bat.
The leopard gecko bites you.
* * * LOW HITPOINT WARNING * * *
Your bat hits the frilled lizard.
The frilled lizard dies!
Your bat hits the gnoll but does no damage.
The gnoll closely misses your bat.
Your bat barely misses the leopard gecko.
Your bat closely misses the leopard gecko.
Your bat barely misses the leopard gecko.
The leopard gecko bites you.
You die...

≈≈# ≈≈# #≈≈≈# §# ≈≈##
##≈§≈# ≈§# ≈≈≈###
###≈≈≈≈#§≈≈
≈≈≈≈≈##+++##≈§≈≈≈≈#≈§§≈§
≈≈≈≈≈≈≈≈≈≈≈§≈§≈≈§§§§§§..
≈≈≈≈≈≈≈≈≈≈≈§§≈§§§§§§....
....≈≈≈≈≈≈≈≈§.b..§§....#
......≈≈...≈.g.l@..#
###....≈.)....######
######.######
...............
##.........####
#.........+ #.........#
#.......... #.?.###.....


You could see a gnoll, a leopard gecko and a friendly bat (summoned).

Vanquished Creatures
  A kobold (D:1)
1 creature vanquished.

Vanquished Creatures (collateral kills)
  A frilled lizard (D:1)
1 creature vanquished.

Grand Total: 2 creatures vanquished

Notes
Turn   | Place    | Note
-------+----------+-------------------------------------------
     0 | D:1      | DoubleLucky the Merfolk Summoner began the quest for the
                  | Orb.
     0 | D:1      | Reached XP level 1. HP: 13/13 MP: 3/3
    77 | D:1      | Slain by a leopard gecko

Illustrated notes

Levels and vault maps discovered:
D:1:      dpeg_arrival_water_fire, layout_basic, minmay_split_cup_small

Action                   || total
-------------------------++-------
Melee: Unarmed           ||     4
 Cast: Summon Small Mamm ||     3
Armor: Robe              ||     1
Dodge: Dodged            ||     2

Table legend: (Time is in decaauts)
 A = Elapsed time spent in this place.
 B = Non-inter-level travel time spent in this place.
 C = Inter-level travel time spent in this place.
 D = Time resting spent in this place.
 E = Time spent auto-exploring this place.
 F = Levels seen in this place.
 G = Mean time per level.
                   A        B        C        D        E       F      G
               +--------+--------+--------+--------+--------+-----+--------+
         Total |     74 |     74 |      0 |      0 |     53 |   1 |   74.0 |
       Dungeon |     74 |     74 |      0 |      0 |     53 |   1 |   74.0 |
               +--------+--------+--------+--------+--------+-----+--------+

Top non-repeatable levels by time:
     D:1: 74 daAuts
